 Dungeon Crawl Stone Soup version 0.25.0-41-g26779e291d (webtiles) character file.

Game seed: 1789557717333103229

181010 AvylaarBelgium the Eclecticist (level 17, -9/97 HPs)
             Began as a Deep Elf Earth Elementalist on July 7, 2020.
             Was the Champion of Vehumet.
             Killed by the air
             ... invoked by a wind drake
              (27 damage)
             ... on level 4 of the Shoals on July 10, 2020.
             The game lasted 03:30:17 (34166 turns).

AvylaarBelgium the Eclecticist (DEEE)              Turns: 34166, Time: 03:30:17

Health: -9/97      AC: 13    Str:  2    XL:     17   Next: 32%
Magic:  17/48      EV: 25    Int: 29    God:    Vehumet [******]
Gold:   735        SH: 13    Dex: 19    Spells: 0/48 levels left

rFire    . . .     SeeInvis .   e - +6 long sword "Matuy" {drain, rPois Dex+4}
rCold    . . .     Gourm    .   k - +2 buckler {AC+3}
rNeg     + . .     Faith    .   C - +2 robe {rN+}
rPois    +         Spirit   .   V - +2 hat {MR+}
rElec    +         Reflect  +   m - scarf {+Inv}
rCorr    .         Harm     .   y - +0 pair of gloves
MR       ++...                  w - +2 pair of boots {Fly}
Stlth    ++++......             M - amulet of reflection
HPRegen  0.26/turn              n - ring of magical power
MPRegen  0.31/turn              v - ring of Gaequt {rElec rPois EV+4 Str-4}

@: lethally poisoned (-9 -> -12), no potions, flying
A: antennae 1, clever 1
}: 1/15 runes: serpentine
a: Renounce Religion, Evoke Invisibility, Stop Flying


You were on level 4 of the Shoals.
You worshipped Vehumet.
Vehumet was exalted by your worship.
You were near starving.

You visited 5 branches of the dungeon, and saw 24 of its levels.
You also visited: Sewer, Ossuary, Ice Cave and Volcano.

You collected 2450 gold pieces.
You spent 1715 gold pieces at shops.

Inventory:

Hand Weapons
 a - a +0 demon blade of draining
 e - the +6 long sword "Matuy" (weapon) {drain, rPois Dex+4}
   (You found it on level 2 of the Lair of Beasts)

   A truly terrible weapon, it drains the life of those it strikes.
   It affects your dexterity (+4).
   It protects you from poison.
 o - the +8 longbow "Zephyr" {speed, Dex+3 SInv}
   (You found it on level 1 of the Snake Pit)

   Attacks with this weapon are significantly faster.
   It affects your dexterity (+3).
   It lets you see invisible.
Missiles
 b - 159 stones (quivered)
 J - 270 arrows
 U - 5 throwing nets
Armour
 k - a +2 buckler of protection (worn)
 m - a scarf of invisibility (worn)
 w - a +2 pair of boots of flying (worn)
 y - a +0 pair of gloves (worn)
 C - a +2 robe of positive energy (worn)
 V - a +2 hat of magic resistance (worn)
Magical Staves
 S - an uncursed staff of death
 Z - an uncursed staff of cold
Jewellery
 h - the ring of Sarerul {rPois Dex+8}
   (You found it on level 1 of the Snake Pit)

   [ring of poison resistance]

   It affects your dexterity (+8).
   It protects you from poison.
 i - the amulet "Dysuof" {RegenMP Str+4}
   (You found it on level 4 of the Shoals)

   [amulet of magic regeneration]

   It increases your magic regeneration.
   It affects your strength (+4).
 n - a ring of magical power (left hand)
 v - the ring of Gaequt (right hand) {rElec rPois EV+4 Str-4}
   (You bought it in a shop on level 2 of the Snake Pit)

   [ring of evasion]

   It affects your evasion (+4).
   It affects your strength (-4).
   It insulates you from electricity.
   It protects you from poison.
 K - an uncursed ring of protection from magic
 M - an amulet of reflection (around neck)
 P - an uncursed ring of fire
 R - an uncursed ring of fire
 Y - an uncursed ring of resist corrosion
Wands
 l - a wand of digging (5)
 x - a wand of polymorph (26)
 B - a wand of clouds (10)
 D - a wand of paralysis (19)
 O - a wand of enslavement (8)
 Q - a wand of disintegration (25)
 W - a wand of iceblast (21)
 X - a wand of acid (14)
Scrolls
 g - 13 scrolls of teleportation
 p - 6 scrolls of fear
 s - 4 scrolls of immolation
 t - 2 scrolls of fog
 u - 4 scrolls of magic mapping
 z - 9 scrolls of remove curse
 E - 2 scrolls of amnesia
 H - 4 scrolls of enchant weapon
 L - 2 scrolls of identify
Potions
 c - 4 potions of ambrosia
 f - 3 potions of invisibility
 j - 5 potions of haste
 q - 9 potions of curing
 r - 2 potions of magic
 A - 9 potions of heal wounds
 F - 4 potions of mutation
 I - a potion of resistance
 N - 2 potions of lignification
Miscellaneous
 G - a phantom mirror
 T - a phial of floods
Comestibles
 d - 31 rations


   Skills:
 - Level 7.6 Fighting
 - Level 10.6 Dodging
 - Level 7.5 Stealth
 - Level 4.0 Shields
 + Level 16.1 Spellcasting
 - Level 14.5 Conjurations
 - Level 11.6 Summonings
 - Level 5.0 Necromancy
 - Level 11.5 Translocations
 - Level 8.6 Transmutations
 - Level 6.7 Ice Magic
 + Level 13.6 Earth Magic


You couldn't memorise any spells.
You knew the following spells:

 Your Spells              Type           Power        Failure   Level  Hunger
a - Sandblast             Erth           ######       0%          1    None
b - Passwall              Tmut/Erth      ######..     1%          2    None
c - Stone Arrow           Conj/Erth      ######       0%          3    None
d - Lee's Rapid Deconstr  Erth           #######...   1%          5    None
e - Ozocubu's Refrigerat  Ice            ######....   5%          6    ###....
f - Mephitic Cloud        Conj/Pois/Air  ######..     1%          3    None
g - Dispersal             Tloc           ######....   2%          6    ###....
h - Malign Gateway        Summ/Tloc      ######....   14%         7    #####..
i - Irradiate             Conj/Tmut      ######....   1%          5    None
j - Freezing Cloud        Conj/Ice/Air   ######....   4%          6    ###....
k - Blink                 Tloc           N/A          1%          2    None
l - Sublimation of Blood  Necr           ######....   1%          2    None

Your spell library contained the following spells:

 Spells                   Type           Power        Failure   Level  Hunger
 Apportation              Tloc           ######       1%          1    None
 Sting                    Tmut/Pois      ####         1%          1    None
 Shroud of Golubria       Chrm/Tloc      ######       1%          2    None
 Gell's Gravitas          Tloc           ######....   1%          3    None
 Ignite Poison            Fire/Tmut/Pois #####...     1%          3    None
 Lesser Beckoning         Tloc           ######....   1%          3    None
 Recall                   Summ/Tloc      N/A          1%          3    None
 Teleport Other           Tloc           ######..     1%          3    None
 Vampiric Draining        Necr           ######....   1%          3    None
 Leda's Liquefaction      Hex/Erth       ######....   1%          4    None
 Passage of Golubria      Tloc           N/A          1%          4    None
 Petrify                  Tmut/Erth      ######..     1%          4    None
 Bolt of Magma            Conj/Fire/Erth ######....   1%          5    None
 Iron Shot                Conj/Erth      #######...   1%          6    ###....
 Animate Dead             Necr           N/A          2%          4    None
 Yara's Violent Unravell  Hex/Tmut       #####.....   2%          5    None
 Poisonous Vapours        Pois/Air       ###...       3%          2    None
 Statue Form              Tmut/Erth      ######...    3%          6    ###....
 Olgreb's Toxic Radiance  Pois           ###.....     5%          4    None
 Confusing Touch          Hex            ###.....     6%          3    None
 Agony                    Necr           ######..     7%          5    None
 Hydra Form               Tmut           ######....   9%          6    ###....
 Metabolic Englaciation   Hex/Ice        #####.....   14%         5    None
 Dragon Form              Tmut           ######....   45%         7    #####..
 Shatter                  Erth           #######...   86%         9    #######


Dungeon Overview and Level Annotations

Branches:
Dungeon (9/15)             Temple (1/1) D:5            Lair (6/6) D:9
 Shoals (4/4) Lair:3        Snake (4/4) Lair:3        Slime (0/5) Lair:6
  Sewer (visited)         Ossuary (visited)           IceCv (visited)
Volcano (visited)
    Orc: D:9-12

Altars:
Ashenzari
Cheibriados
Dithmenos
Elyvilon
Fedhas
Gozag
Hepliaklqana
Kikubaaqudgha
Makhleb
Okawaru
Qazlal
Ru
Sif Muna
Trog
Uskayaw
Vehumet
Wu Jian
Xom
Yredelemnul
Zin
The Shining One
Jiyva

Shops:
D:4 ?   D:5 =   Shoals:3 *   Shoals:4 !   Snake:2 }!(=[(


Innate Abilities, Weirdness & Mutations

You have a pair of small antennae on your head.
Your mind is acute. (Int +2)


Message History

Aim: a merfolk impaler, wielding a +3 trident of venom and wearing a +0 leather armour (heavily wounded)
The blast of sand misses the merfolk impaler.
b - 159 stones The merfolk impaler barely misses you.
Your eldritch tentacle slaps the merfolk!!
Your eldritch tentacle freezes the merfolk!!
The merfolk dies!
Vehumet accepts your kill.
The merfolk impaler hits you from afar with a +3 trident of venom!!
* * * LOW HITPOINT WARNING * * *
You are poisoned.
You cannot drink potions in your current state!
Okay, then.
Casting: Sandblast (safe; 0% risk of failure)
Confirm with . or Enter, or press ? or * to list all spells.
You blink.
You feel sick.
You feel sick. The wind drake flaps its wings at you.
The air twists around and violently strikes you in flight!!
You die...

......##≈*,..,≈##≈≈≈≈≈≈≈≈......≈,
..≈....##≈≈≈≈≈##≈≈≈≈§≈≈m≈.....≈≈≈
≈≈≈....≈#######≈≈≈≈≈≈≈≈k≈)....≈≈≈
≈≈....≈≈≈≈≈≈≈≈≈≈≈≈≈≈≈≈≈≈......≈≈≈
≈≈.....≈≈≈≈≈≈≈≈≈≈≈≈≈m≈≈≈.....≈≈≈≈
≈≈≈≈≈.≈≈≈≈≈≈≈≈≈≈≈≈≈≈≈≈≈≈.....≈≈≈≈
≈≈≈≈≈≈≈≈≈≈≈≈≈≈≈≈≈≈≈≈≈≈≈≈≈...≈≈≈≈≈
≈≈≈≈≈≈≈≈≈≈≈≈≈≈≈≈≈≈≈≈≈≈≈≈≈...≈≈≈≈≈
≈≈≈≈≈≈≈≈≈≈≈≈≈≈≈≈@≈≈≈≈≈≈≈≈...≈≈≈≈≈
≈≈≈≈≈≈≈≈≈≈≈≈≈≈≈≈≈≈≈≈≈≈≈≈....≈≈≈≈≈
≈≈≈≈≈≈≈≈≈≈≈≈≈≈≈≈≈≈≈≈≈≈≈≈≈,,,,≈≈≈≈
≈≈≈≈≈≈≈≈≈≈≈≈≈≈≈≈≈≈≈≈≈≈≈≈≈,,,,≈≈≈≈
≈≈≈≈≈≈≈≈≈≈≈≈≈≈≈≈≈≈≈≈≈≈≈≈≈,,,≈≈≈≈≈
≈≈≈≈≈≈≈≈≈≈≈≈≈≈≈≈≈≈≈≈≈≈≈≈≈≈≈≈≈≈≈≈≈
≈≈≈≈≈≈≈≈≈≈≈≈≈≈≈≈≈≈≈≈≈≈≈≈≈≈≈≈≈≈≈≈≈
≈≈≈≈≈≈≈≈≈≈≈≈≈≈≈≈≈≈≈≈≈≈≈≈≈≈≈≈≈≈≈≈≈
≈≈≈≈≈≈≈≈≈≈≈≈≈≈≈≈≈≈≈≈≈≈≈≈≈≈≈≈≈≈≈≈≈


You could see a merfolk impaler, a wind drake (repels missiles) and a merfolk.

Vanquished Creatures
  Asterion (Snake:3)
  Gastronok (Lair:1)
  A kraken (Shoals:2)
  Kirke (Lair:5)
  Ilsuiw (Shoals:2)
  9 nagarajas (Snake:4)
  A frost giant (IceCv)
  Aizul (Snake:1)
  Louise (Snake:3)
  4 merfolk javelineers
  A merfolk impaler (Shoals:3)
  4 hydras
  13 naga warriors
  4 merfolk avatars (Shoals:3)
  A catoblepas (Lair:5)
  10 anacondas
  3 death yaks
  A satyr (Shoals:2)
  9 naga sharpshooters
  2 two-headed ogres
  8 shock serpents
  Sonja (Lair:3)
  5 salamander mystics
  6 sea snakes
  2 skeletal warriors (Volcano)
  6 naga ritualists
  Pikel (D:4)
  9 mana vipers
  12 harpies
  An anaconda skeleton (Volcano)
  9 fauns
  2 cyclopes
  6 salamanders
  6 manticores
  31 black mambas
  9 merfolk sirens
  4 water nymphs
  3 elephants (Lair:5)
  An ice statue (IceCv)
  8 guardian serpents
  15 naga magi
  3 gargoyles (Volcano)
  12 spiny frogs
  5 komodo dragons
  A yaktaur (Shoals:3)
  A rime drake (Lair:4)
  17 merfolk
  7 hornets (Lair:6)
  5 wind drakes
  21 polar bears
  11 blink frogs
  2 dream sheep (Shoals:1)
  2 snapping turtles
  3 flying skulls (Volcano)
  2 alligator skeletons (Volcano)
  10 hippogriffs
  12 spriggans (Lair:6)
  57 yaks
  3 water elementals
  A wyvern (Lair:3)
  Grum (D:8)
  5 basilisks
  A steam dragon (Shoals:4)
  2 hungry ghosts
  4 hogs (Lair:5)
  59 nagas
  8 water moccasins
  An ice beast (D:8)
  7 porcupines
  3 orc warriors (D:9)
  2 phantoms
  3 black bears
  4 boggarts (Lair:6)
  36 wolves
  5 ogres
  5 centaurs
  5 crocodiles
  4 big kobolds
  A gnoll sergeant (D:9)
  7 bullfrogs
  3 scorpions
  9 killer bees (D:8)
  2 spriggan skeletons (Volcano)
  2 howler monkeys
  4 crimson imps
  2 hounds (D:7)
  Crazy Yiuf (D:6)
  A centaur skeleton (D:5)
  3 orc priests
  A gnoll shaman (D:5)
  A jelly (D:8)
  7 orc wizards
  5 bullfrog skeletons
  Natasha (D:2)
  5 iguanas
  6 worker ants
  3 hound zombies
  3 hound skeletons
  8 mummies (Ossuary)
  Robin (D:2)
  11 gnolls
  23 adders
  2 river rats
  5 oozes
  An adder skeleton (D:8)
  4 worms
  3 dart slugs (D:1)
  6 leopard geckos
  24 orcs
  10 ball pythons
  4 giant cockroaches
  3 gnoll zombies (Ossuary)
  14 goblins
  14 hobgoblins
  8 jackals
  A quokka (D:8)
  9 bats
  4 frilled lizards
  3 hobgoblin zombies (Ossuary)
  A jackal skeleton (D:5)
  17 kobolds
  2 kobold zombies (Ossuary)
  A quokka skeleton (D:6)
  9 rats
  4 bushes (Shoals:3)
  5 fungi
  2 plants (Shoals:2)
810 creatures vanquished.

Vanquished Creatures (collateral kills)
  Polyphemus (Shoals:2)
  A catoblepas (Shoals:2)
  2 death yaks (Shoals:2)
  A sea snake (Shoals:4)
  2 harpies (Shoals:2)
  A cyclops (Shoals:4)
  2 manticores (Shoals:2)
  A water nymph (Shoals:2)
  2 merfolk
  A snapping turtle (Shoals:4)
  4 dream sheep
  A hippogriff (Shoals:1)
  A water elemental (Shoals:4)
20 creatures vanquished.

Vanquished Creatures (others)
  9 eldritch tentacles
  A naga mage (Snake:4)
  2 polar bears (IceCv)
  2 humans (Lair:5)
  2 wolves (IceCv)
  A jackal skeleton (D:4)
  5 fungi
  3 plants
  9 tentacles (Shoals:2)
34 creatures vanquished.

Grand Total: 864 creatures vanquished

Notes
Turn   | Place    | Note
-------+----------+-------------------------------------------
     0 | D:1      | AvylaarBelgium the Deep Elf Earth Elementalist began the
                  | quest for the Orb.
     0 | D:1      | Reached XP level 1. HP: 10/10 MP: 6/6
   145 | D:1      | Reached XP level 2. HP: 15/15 MP: 4/8
   633 | D:1      | Reached skill level 4 in Spellcasting
   933 | D:1      | Reached XP level 3. HP: 10/19 MP: 7/10
  1274 | D:2      | Noticed Robin
  1366 | D:2      | Killed Robin
  1751 | D:2      | Noticed Natasha
  1756 | D:2      | Killed Natasha
  1756 | D:2      | Reached XP level 4. HP: 17/24 MP: 8/12
  1913 | D:2      | Reached skill level 5 in Spellcasting
  2349 | D:3      | Found a shimmering altar of Xom.
  2350 | D:3      | Found a white marble altar of Elyvilon.
  2519 | D:3      | Found a glowing drain.
  2528 | D:3      | Reached skill level 5 in Earth Magic
  2546 | Sewer    | Entered a sewer
  2648 | Sewer    | Learned a level 2 spell: Passwall
  2652 | Sewer    | Learned a level 3 spell: Stone Arrow
  2659 | Sewer    | Reached XP level 5. HP: 28/28 MP: 14/14
  2730 | Sewer    | Reached skill level 6 in Spellcasting
  3143 | Sewer    | Reached XP level 6. HP: 31/32 MP: 17/17
  3921 | D:4      | Reached skill level 7 in Spellcasting
  4352 | D:4      | Reached XP level 7. HP: 34/36 MP: 15/20
  4483 | D:4      | Noticed Pikel
  4498 | D:4      | Found Natuiff's Magic Scroll Boutique.
  4513 | D:4      | Killed Pikel
  4513 | D:4      | Reached skill level 9 in Spellcasting
  4513 | D:4      | Reached XP level 8. HP: 17/41 MP: 18/23
  4719 | D:4      | Bought a scroll of teleportation for 39 gold pieces
  4719 | D:4      | Bought a scroll of identify for 26 gold pieces
  4719 | D:4      | Bought a scroll of teleportation for 39 gold pieces
  4719 | D:4      | Bought a scroll of teleportation for 39 gold pieces
  4719 | D:4      | Bought a scroll of fear for 45 gold pieces
  4719 | D:4      | Bought a scroll of remove curse for 39 gold pieces
  4719 | D:4      | Bought a scroll of random uselessness for 13 gold pieces
  4719 | D:4      | Bought a scroll of amnesia for 45 gold pieces
  4905 | D:4      | Learned a level 5 spell: Lee's Rapid Deconstruction
  5058 | D:5      | Entered Level 5 of the Dungeon
  5290 | D:5      | Reached skill level 10 in Spellcasting
  6185 | D:5      | Found a staircase to the Ecumenical Temple.
  6194 | Temple   | Entered the Ecumenical Temple
  6297 | Temple   | Became a worshipper of Vehumet
  6599 | D:5      | Found Qidid's Jewellery Shoppe.
  6757 | D:5      | Noticed a two-headed ogre
  6764 | D:5      | Killed a two-headed ogre
  6764 | D:5      | Reached skill level 11 in Spellcasting
  6764 | D:5      | Reached skill level 10 in Earth Magic
  6764 | D:5      | Reached XP level 9. HP: 45/45 MP: 13/26
  7364 | D:6      | Found an ancient bone altar of Kikubaaqudgha.
  7576 | D:6      | Reached skill level 12 in Spellcasting
  7983 | D:6      | Found a sacrificial altar of Ru.
  8293 | D:6      | Found a runed translucent door.
  8294 | D:6      | Noticed Crazy Yiuf
  8298 | D:6      | Killed Crazy Yiuf
  8298 | D:6      | Reached * piety under Vehumet
  8298 | D:6      | Offered knowledge of Foxfire by Vehumet.
  8514 | D:7      | Upgraded the game from 0.25.0-33-gff14898491 to
                  | 0.25.0-37-gb73750e0fb
  8557 | D:7      | Reached skill level 1 in Conjurations
  8681 | D:7      | Found a burning altar of Makhleb.
  8781 | D:7      | Found a sand-covered staircase.
  8786 | Ossuary  | Entered an ossuary
  8814 | Ossuary  | Offered knowledge of Shock by Vehumet.
  8824 | Ossuary  | Reached ** piety under Vehumet
  9343 | D:8      | Found a bloodstained altar of Trog.
  9504 | D:8      | Reached XP level 10. HP: 50/50 MP: 24/28
  9819 | D:8      | Noticed a two-headed ogre
  9821 | D:8      | Killed a two-headed ogre
  9821 | D:8      | Reached skill level 13 in Spellcasting
  9867 | D:8      | Found a stormy altar of Qazlal.
  9955 | D:8      | Noticed Grum
  9965 | D:8      | Reached skill level 5 in Conjurations
  9966 | D:8      | Killed Grum
 10820 | D:9      | Offered knowledge of Inner Flame by Vehumet.
 10843 | D:9      | Reached *** piety under Vehumet
 11042 | D:9      | Found a staircase to the Lair.
 11673 | D:9      | Offered knowledge of Iskenderun's Mystic Blast by Vehumet.
 11784 | Lair:1   | Entered Level 1 of the Lair of Beasts
 11861 | Lair:1   | Noticed Gastronok
 11869 | Lair:1   | Noticed a spiny frog
 11871 | Lair:1   | Killed Gastronok
 11871 | Lair:1   | Reached XP level 11. HP: 57/57 MP: 11/30
 11918 | Lair:1   | Found a shadowy altar of Dithmenos.
 12002 | Lair:1   | Found a frozen archway.
 12011 | IceCv    | Entered an ice cave
 12020 | IceCv    | Reached skill level 5 in Dodging
 12518 | IceCv    | Reached **** piety under Vehumet
 12729 | IceCv    | Identified the Collected Works on Evil
 12786 | IceCv    | Offered knowledge of Static Discharge by Vehumet.
 13014 | IceCv    | Noticed a frost giant
 13014 | IceCv    | Noticed a death yak
 13033 | IceCv    | Reached XP level 12. HP: 68/68 MP: 25/31
 13034 | IceCv    | Killed a frost giant
 13034 | IceCv    | Reached skill level 5 in Fighting
 13034 | IceCv    | Reached skill level 10 in Conjurations
 13035 | IceCv    | Killed a death yak
 14508 | Lair:2   | Noticed a five-headed hydra
 14513 | Lair:2   | Killed a five-headed hydra
 14686 | Lair:2   | Noticed an eight-headed hydra
 14709 | Lair:2   | Killed an eight-headed hydra
 14766 | Lair:2   | Got a translucent long sword
 14767 | Lair:2   | Identified the +6 long sword "Matuy" {drain, rPois Dex+4}
                  | (You found it on level 2 of the Lair of Beasts)
 14981 | Lair:3   | Found a staircase to the Snake Pit.
 14992 | Snake:1  | Entered Level 1 of the Snake Pit
 15002 | Snake:1  | Learned a level 3 spell: Vampiric Draining
 15006 | Snake:1  | Learned a level 3 spell: Mephitic Cloud
 15015 | Snake:1  | Noticed an anaconda
 15021 | Snake:1  | Killed an anaconda
 15102 | Snake:1  | Reached skill level 10 in Dodging
 15104 | Snake:1  | Found a transporter.
 15106 | Snake:1  | Found the +8 longbow "Zephyr" {speed, Dex+3 SInv}
 15219 | Snake:1  | Found a transporter.
 15231 | Snake:1  | Gained mutation: Your mind is acute. (Int +2) [potion of
                  | mutation]
 15231 | Snake:1  | Gained mutation: You have a pair of small antennae on your
                  | head. [potion of mutation]
 15242 | Snake:1  | Noticed an anaconda
 15247 | Snake:1  | Killed an anaconda
 15247 | Snake:1  | Paralysed by a Zot trap for 3 turns
 15270 | Snake:1  | Identified the Collected Works on Displacement
 15281 | Snake:1  | Got a slimy wooden ring
 15284 | Snake:1  | Identified the ring of Sarerul {rPois Dex+8} (You found it
                  | on level 1 of the Snake Pit)
 15291 | Snake:1  | Got a glittering lead ring
 15295 | Snake:1  | Identified the ring "Luculug" {Dex+6 Stlth+} (You found it
                  | on level 1 of the Snake Pit)
 15464 | Snake:1  | Noticed Aizul
 15515 | Snake:1  | Noticed a naga warrior
 15523 | Snake:1  | Reached ***** piety under Vehumet
 15525 | Snake:1  | Reached XP level 13. HP: 37/76 MP: 23/32
 15615 | Snake:1  | Learned a level 6 spell: Dispersal
 15623 | Snake:1  | Learned a level 7 spell: Malign Gateway
 15780 | Snake:2  | Reached skill level 1 in Translocations
 15947 | Snake:1  | Killed Aizul
 15947 | Snake:1  | Offered knowledge of Airstrike by Vehumet.
 15947 | Snake:1  | Reached skill level 14 in Spellcasting
 16048 | Snake:2  | Found Luzecept's Weapon Boutique.
 16175 | Lair:3   | Found a staircase to the Shoals.
 16183 | Lair:3   | Noticed Sonja
 16187 | Lair:3   | Killed Sonja
 16789 | Lair:3   | Reached skill level 1 in Necromancy
 18436 | Lair:5   | Reached skill level 5 in Translocations
 18961 | Lair:5   | Noticed Kirke
 18967 | Lair:5   | Killed Kirke
 18967 | Lair:5   | Reached skill level 15 in Spellcasting
 18967 | Lair:5   | Reached XP level 14. HP: 82/82 MP: 9/35
 18967 | Lair:5   | Offered knowledge of Bolt of Magma by Vehumet.
 19171 | Lair:5   | Learned a level 5 spell: Irradiate
 19434 | Lair:6   | Entered Level 6 of the Lair of Beasts
 19445 | Lair:6   | Found a viscous altar of Jiyva.
 19445 | Lair:6   | Found a staircase to the Slime Pits.
 19580 | Lair:6   | Reached skill level 5 in Transmutations
 19953 | Lair:6   | Found a dark tunnel.
 19966 | Volcano  | Entered a volcano
 21286 | Lair:6   | Offered knowledge of Fireball by Vehumet.
 21340 | Lair:6   | Got a dazzling falchion
 21341 | Lair:6   | Identified the cursed +1 falchion "Uttiek" {elec, MR+
                  | Int+3} (You found it on level 6 of the Lair of Beasts)
 22258 | Snake:3  | Noticed Asterion
 22264 | Snake:3  | Noticed an Executioner
 22537 | Snake:2  | Reached skill level 1 in Shields
 22543 | Snake:2  | Found Sashag's Jewellery Boutique.
 22543 | Snake:2  | Found Kuesiw's Weapon Shop.
 22657 | Snake:2  | Found Komarph's Distillery.
 22660 | Snake:2  | Bought a cursed amulet of inaccuracy for 38 gold pieces
 22693 | Snake:2  | Bought the ring of Gaequt {rElec rPois EV+4 Str-4} for 870
                  | gold pieces
 22784 | Snake:2  | Reached skill level 5 in Stealth
 23261 | Snake:2  | Found Repi's Gadget Shop.
 23293 | Snake:2  | Reached XP level 15. HP: 83/86 MP: 32/36
 23643 | Snake:2  | Found Ikomp's Antique Armour Shop.
 23649 | Snake:2  | Bought a pair of embroidered boots for 202 gold pieces
 23960 | Snake:3  | Learned a level 3 spell: Ignite Poison
 23963 | Snake:3  | Learned a level 2 spell: Poisonous Vapours
 23966 | Snake:3  | Learned a level 2 spell: Sublimation of Blood
 24055 | Snake:4  | Entered Level 4 of the Snake Pit
 24094 | Snake:4  | Reached skill level 1 in Summonings
 24294 | Snake:4  | Reached skill level 5 in Necromancy
 24419 | Snake:4  | Noticed a nagaraja
 24757 | Snake:4  | Noticed a nagaraja
 24760 | Snake:4  | Killed a nagaraja
 24953 | Snake:4  | Noticed a nagaraja
 24956 | Snake:4  | Reached skill level 5 in Summonings
 24956 | Snake:4  | Killed a nagaraja
 25151 | Snake:3  | Offered knowledge of Freezing Cloud by Vehumet.
 25165 | Snake:3  | Learned a level 6 spell: Freezing Cloud
 25244 | Snake:4  | Noticed a nagaraja
 25261 | Snake:4  | Killed a nagaraja
 25472 | Snake:4  | Killed a nagaraja
 25651 | Snake:3  | Reached skill level 1 in Ice Magic
 25744 | Snake:4  | Noticed a nagaraja
 25757 | Snake:4  | Killed a nagaraja
 25998 | Snake:3  | Noticed an Executioner
 26020 | Snake:3  | Killed Asterion
 26209 | Snake:3  | Reached skill level 5 in Ice Magic
 26596 | Snake:3  | Noticed Louise
 26606 | Snake:3  | Killed Louise
 26606 | Snake:3  | Reached XP level 16. HP: 92/92 MP: 23/37
 26956 | Snake:3  | Learned a level 2 spell: Blink
 28489 | Snake:4  | Got a serpentine rune of Zot
 28942 | Snake:1  | Reached skill level 10 in Summonings
 29115 | Snake:1  | Reached skill level 10 in Translocations
 29859 | Shoals:1 | Entered Level 1 of the Shoals
 29872 | Shoals:1 | Offered knowledge of Lightning Bolt by Vehumet.
 30737 | Shoals:2 | Noticed Polyphemus
 30737 | Shoals:2 | Noticed Ilsuiw
 31048 | Shoals:2 | Upgraded the game from 0.25.0-37-gb73750e0fb to
                  | 0.25.0-41-g26779e291d
 31286 | Shoals:2 | Killed Ilsuiw
 31347 | Shoals:2 | Killed Polyphemus
 31411 | Shoals:2 | HP: 1/92 [eldritch tentacle[the player character] (30)]
 32039 | Shoals:2 | Noticed a kraken
 32073 | Shoals:2 | Killed a kraken
 32073 | Shoals:2 | Reached XP level 17. HP: 66/96 MP: 8/38
 32593 | Shoals:3 | Found Hiet's General Store.
 32599 | Shoals:3 | Reached ****** piety under Vehumet
 32771 | Shoals:3 | Bought a potion of magic for 120 gold pieces
 33103 | Shoals:3 | Offered knowledge of Ozocubu's Refrigeration by Vehumet.
 33418 | Shoals:3 | Reached skill level 16 in Spellcasting
 33593 | Shoals:4 | Entered Level 4 of the Shoals
 33628 | Shoals:4 | Found Xybizytt's Distillery.
 33808 | Shoals:4 | Got a twitching steel amulet
 33809 | Shoals:4 | Identified the amulet "Dysuof" {RegenMP Str+4} (You found
                  | it on level 4 of the Shoals)
 33828 | Shoals:4 | Bought a potion of heal wounds for 50 gold pieces
 33828 | Shoals:4 | Bought a potion of heal wounds for 50 gold pieces
 33828 | Shoals:4 | Bought a potion of heal wounds for 50 gold pieces
 33828 | Shoals:4 | Bought a potion of heal wounds for 50 gold pieces
 34152 | Shoals:4 | Learned a level 6 spell: Ozocubu's Refrigeration
 34166 | Shoals:4 | Killed from afar by a wind drake

Illustrated notes

Levels and vault maps discovered:
D:1:      lemuel_arrival_muddy, layout_loops_corners
D:2:      layout_rooms, first_ration, uniq_natasha, uniq_robin
D:3:      layout_loops_ring, gammafunk_temple_overflow_statue,
          portal_sewer_entry_b, minivault_4
D:4:      layout_rooms, serial_shops, nicolae_shop_behind_doors,
          minmay_snake_closets, uniq_pikel
D:5:      layout_cave_pods, minmay_temple_entry_ruins, serial_shops, shop,
          kennysheep_opposing_triangles
D:6:      cheibrodos_fzero, layout_basic, lemuel_crystal_altar, basic_altar,
          grunt_decor_cap, uniq_crazy_yiuf_cottage
D:7:      layout_cave_pools, bloody_makhleb, nicolae_ossuary_entry_plus
D:8:      layout_basic, lightli_temple_of_fire, marbit_many_paths, uniq_grum
D:9:      layout_loops_cross, dpeg_oklobed_lair, grunt_pizzeria
Temple:   eino_temple_rhombus
Lair:1:   layout_small_grid, basic_altar, portal_ice_cave_entry_pillars_2,
          infiniplex_staircase_pool, lemuel_fruit_tree, uniq_gastronok
Lair:2:   layout_cave_shapes, cheibrodos_lair_reptile_den
Lair:3:   layout_misc_corridors, elwin_shoals_entry_stream,
          guppyfry_snake_entry_garden, uniq_sonja
Lair:4:   layout_roguey, serial_rivers, chequers_serial_rivers_micro_a,
          chequers_serial_rivers_large_a, chequers_serial_rivers_room_a,
          chequers_serial_rivers_room_b, chequers_serial_rivers_small_3,
          chequers_serial_rivers_small_a
Lair:5:   layout_regular_city, infiniplex_staircase_pool_2, uniq_kirke
Lair:6:   minmay_lair_end_enchanted_forest, layout_cave_pods, slime_altar_1,
          enter_volcano_2
Shoals:1: layout_shoals
Shoals:2: layout_shoals, uniq_polyphemus, uniq_ilsuiw
Shoals:3: layout_shoals, serial_shops, shop, yaktaur_hedge
Shoals:4: shoals_end_hangedman, layout_shoals, serial_shops, shop,
          nicolae_shop_statue_plus, shop, nicolae_shop_crystal, shop,
          nicolae_shoals_drake_roost
Snake:1:  gammafunk_its_a_trap, layout_chambers, nrook_loot_triangle, uniq_aizul
Snake:2:  layout_onion_interference, serial_shops, shop, shop, shop,
          grunt_megastairs_1, minmay_shop_star
Snake:3:  layout_chambers, uniq_louise, uniq_asterion
Snake:4:  johnstein_snake_rune_scales, layout_rooms

Skill      XL: |  1  2  3  4  5  6  7  8  9 10 11 12 13 14 15 16 17 |
---------------+----------------------------------------------------+-----
Spellcasting   | 4 5 6 7 9 11 12 13 15 16 | 16.1
Earth Magic    | 4 5 6 7 10 11 12 13 | 13.6
Conjurations   | 3 8 9 11 12 14 | 14.5
Dodging        | 4 7 10 | 10.6
Fighting       | 2 4 7 |  7.6
Translocations | 5 7 11 | 11.5
Stealth        | 3 6 7 |  7.5
Necromancy     | 3 4 5 |  5.0
Transmutations | 3 8 |  8.6
Shields        | 2 4 |  4.0
Summonings     | 7 11 | 11.6
Ice Magic      | 6 |  6.7

Action                   |  1- 3 |  4- 6 |  7- 9 | 10-12 | 13-15 | 16-18 || total
-------------------------+-------+-------+-------+-------+-------+-------++-------
Melee: Unarmed           |     4 |       |       |       |       |       ||     4
       Short sword       |    16 |    24 |       |       |       |       ||    40
       Whip              |       |       |    12 |       |       |       ||    12
       Quarterstaff      |       |       |       |    15 |       |       ||    15
       Staff             |       |       |       |     4 |     4 |       ||     8
       Long sword        |       |       |       |       |    55 |    16 ||    71
       Demon blade       |       |       |       |       |     6 |       ||     6
 Cast: Sandblast         |    53 |    84 |    36 |    66 |   181 |    59 ||   479
       Stone Arrow       |       |     7 |   120 |   110 |   280 |   104 ||   621
       Lee's Rapid Decon |       |       |    12 |    77 |   171 |    51 ||   311
       Mephitic Cloud    |       |       |       |     2 |     5 |       ||     7
       Irradiate         |       |       |       |       |    47 |    13 ||    60
       Vampiric Draining |       |       |       |       |    18 |     1 ||    19
       Freezing Cloud    |       |       |       |       |    12 |   120 ||   132
       Poisonous Vapours |       |       |       |       |     3 |       ||     3
       Sublimation of Bl |       |       |       |       |     2 |       ||     2
       Malign Gateway    |       |       |       |       |       |    10 ||    10
       Blink             |       |       |       |       |       |     4 ||     4
       Dispersal         |       |       |       |       |       |     1 ||     1
       Ozocubu's Refrige |       |       |       |       |       |     2 ||     2
Evoke: Wand              |       |       |       |     5 |    10 |     3 ||    18
       Phial of floods   |       |       |       |       |     1 |       ||     1
  Use: Scroll            |       |       |    12 |     5 |    23 |     6 ||    46
       Potion            |       |       |       |     7 |    11 |     4 ||    22
 Stab: Sleeping          |     3 |     1 |       |       |     1 |       ||     5
  Eat: Chunk             |     2 |     9 |    10 |    18 |    16 |    22 ||    77
       Ration            |       |       |     2 |     2 |     5 |     5 ||    14
Armor: Robe              |     9 |    14 |     8 |    25 |    58 |    21 ||   135
Dodge: Dodged            |    31 |    55 |    43 |    74 |   304 |   136 ||   643
Block: Other             |       |       |       |    13 |    33 |       ||    46
       Buckler           |       |       |       |       |    98 |   107 ||   205
       Reflection        |       |       |       |       |    22 |    40 ||    62
       Rpst.: Long sword |       |       |       |     1 |    58 |    12 ||    71
